 Dungeon Crawl Stone Soup version 0.30-a0-711-gf4ac18a38d (webtiles) character file.

Game seed: 14087096508769964690

16586 demibob the Severer (level 12, 73/96 (106) HPs)
             Began as a Hill Orc Fighter on Jan 23, 2023.
             Was an Elder of Qazlal.
             Quit the game on level 2 of the Abyss.
             The game lasted 00:20:12 (10508 turns).

demibob the Severer (Hill Orc Fighter)             Turns: 10508, Time: 00:20:12

HP:   73/96 (106)   AC: 14    Str: 22    XL:     12   Next: 39%
MP:   18/18         EV: 15    Int: 11    God:    Qazlal [****..]
Gold: 846           SH:  5    Dex: 12    Spells: 11/11 levels left

rFire   . . .      SeeInvis +    a - +3 broad axe
rCold   . . .      Faith    .    (no shield)
rNeg    . . .      Spirit   .    f - +0 scale mail
rPois   .          Reflect  .    o - +2 helmet {Int+3}
rElec   +          Harm     .    d - +1 cloak
rCorr   .          Rampage  .    (no gloves)
Will    .....                    (no boots) Stlth
                                 (no amulet)
HPRegen 0.36/turn                E - +5 ring of evasion
MPRegen 0.16/turn                y - ring "Muustral" {rElec SInv}

@: drained, repel missiles
A: no striking features
a: Renounce Religion, Upheaval, Elemental Force


You were on level 2 of the Abyss.
You worshipped Qazlal.
Qazlal was greatly pleased with you.
You visited 2 branches of the dungeon, and saw 13 of its levels.
You visited the Abyss 1 time.
You also visited: Sewer and Bailey.

You collected 846 gold pieces.


   Skills:
 + Level 9.8 Fighting
 - Level 19.8 Axes
 + Level 9.0 Armour
 - Level 3.2 Shields
 + Level 8.8 Invocations


You had 11 spell levels left.
You didn't know any spells.
Your spell library contained the following spells:

 Spells                   Type           Power      Damage    Failure   Level
 Kiss of Death            Conj/Necr      0%         2d5       63%         1
 Blink                    Tloc           0%         N/A       77%         2
 Ensorcelled Hibernation  Hex/Ice        0%         N/A       77%         2
 Lesser Beckoning         Tloc           0%         N/A       77%         2
 Momentum Strike          Conj/Tloc      0%         3d8       77%         2
 Static Discharge         Conj/Air       0%         2-2/arc   77%         2
 Confusing Touch          Hex            0%         N/A       94%         3
 Gell's Gravitas          Tloc           0%         N/A       94%         3
 Hailstorm                Conj/Ice       0%         3d3       94%         3
 Inner Flame              Hex/Fire       0%         N/A       94%         3
 Ozocubu's Armour         Ice            0%         N/A       94%         3
 Spider Form              Tmut/Pois      0%         N/A       94%         3
 Teleport Other           Tloc           0%         N/A       94%         3
 Vhi's Electric Charge    Tloc/Air       0%         N/A       94%         3
 Airstrike                Air            0%         2d(0-16)  100%        4
 Anguish                  Hex/Necr       0%         N/A       100%        4
 Dispel Undead            Necr           0%         3d6       100%        4
 Ice Form                 Ice/Tmut       0%         N/A       100%        4
 Summon Lightning Spire   Summ/Air       0%         N/A       100%        4
 Alistair's Intoxication  Tmut/Pois      0%         N/A       100%        5
 Arcjolt                  Conj/Air       0%         1d10      100%        5
 Borgnjor's Vile Clutch   Necr/Erth      0%         N/A       100%        5
 Lightning Bolt           Conj/Air       0%         1d11      100%        5
 Eringya's Noxious Bog    Tmut/Pois      0%         N/A       100%        6
 Simulacrum               Ice/Necr       0%         N/A       100%        6

Inventory:

Hand Weapons
 a - a +3 broad axe (weapon)
 b - a +0 war axe of flaming
Armour
 d - a +1 cloak (worn)
 f - a +0 scale mail (worn)
 o - a +2 helmet of intelligence (worn)
Magical Staves
 z - a staff of poison {!a}
Jewellery
 e - a +5 ring of evasion
 y - the ring "Muustral" (right hand) {rElec SInv}
   (You found it on level 10 of the Dungeon)

   [ring of see invisible]

   rElec:     It insulates you from electricity.
   SInv:      It lets you see invisible.
 C - a ring of protection from cold
 E - a +5 ring of evasion (left hand)
 L - a ring of flight
 R - a ring of resist corrosion
 S - a +6 ring of strength
Wands
 A - a wand of quicksilver (7)
Scrolls
 i - 4 scrolls of identify {@r1}
 j - 2 scrolls of fog
 m - 2 scrolls of teleportation {@r2}
 q - 3 scrolls of enchant armour
 r - 2 scrolls of fear
 s - a scroll of blinking
 t - a scroll of magic mapping
 w - a scroll of brand weapon
 F - a scroll of poison
Potions
 c - a potion of might
 g - 2 potions of curing {@q1}
 h - 3 potions of cancellation
 l - 2 potions of flight
 p - 3 potions of magic
 u - 2 potions of resistance
 v - 2 potions of invisibility
 x - 12 potions of ambrosia
 B - 2 potions of brilliance
 D - 2 potions of mutation

Dungeon Overview and Level Annotations

Branches:
Dungeon (11/15)            Temple (1/1) D:4             Orc (0/2) D:10
  Sewer (visited)          Bailey (visited)
   Lair: D:8-11

Altars:
Ashenzari
Cheibriados
Dithmenos
Elyvilon
Fedhas
Gozag
Hepliaklqana
Kikubaaqudgha
Makhleb
Nemelex Xobeh
Okawaru
Qazlal
Ru
Sif Muna
Trog
Uskayaw
Vehumet
Wu Jian
Xom
Yredelemnul
Zin
The Shining One

Shops:
D:2 (   D:5 (

Annotations:
D:14 Louise

. #.#▒ . .
# . ..▒ . #
.▒. .... .
░ .▒# ...
▒⚑.▒. .
#..░.
#..▒..
▒.▒.▒. . ..
.▒.. #
...▒.▒#k..#
. . #
▒.▒......
.▒ ..
▓@.##. . ▒
▒.# ▓..▒..▒
. . .#. ▓.▒
.░#..▒. ▒░
. . ... ▒▒
.▒ ▒ . ▒.░
▒ ▒ . . .
#░ # # ▒▒ .
▒▒ ▒


You could see a death drake.


Message History

Louise is heavily wounded.
A seven-headed hydra comes into view.
Louise hits you with a +1 morningstar of draining.
* * * LOW HITPOINT WARNING * * *
You feel drained.
* * * LOW HITPOINT WARNING * * *
You feel much better.
You slash Louise!
Louise is severely wounded.
Louise hits you with a +1 morningstar of draining!
You feel drained. Louise blocks your attack.
Louise is severely wounded.
Louise blocks your attack.
Louise is severely wounded.
Louise casts a spell at you.
You are cast into the Abyss!
This branch contains the abyssal rune of Zot.
There is an open door here.
Found a corrupted altar of Lugonu.
There is a corrupted altar of Lugonu here.
Your extra speed is starting to run out.
You feel a little less mighty now.
You feel yourself slow down.
You hear an angry hiss.
You hear an angry hiss.
You hear an angry hiss.
You hear an angry hiss.
A death drake comes into view.
Are you sure you want to abandon this character and quit the game? (Confirm with "yes".)

Skill      XL: |  1  2  3  4  5  6  7  8  9 10 11 12 |
---------------+-------------------------------------+-----
Axes           | 3 4 7 8 9 11 14 16 19 | 19.8
Fighting       | 6 7 8 9 |  9.8
Armour         | 5 6 8 9 |  9.0
Invocations    | 3 5 7 8 |  8.8
Shields        | |  3.2

Action                     |  1- 3 |  4- 6 |  7- 9 | 10-12 || total
---------------------------+-------+-------+-------+-------++-------
  Melee: War axe           |    96 |    47 |   356 |    48 ||   547
         Punch             |       |     2 |     2 |     3 ||     7
         Broad axe         |       |       |       |   315 ||   315
 Invoke: Upheaval          |       |       |       |     3 ||     3
  Evoke: Wand              |       |       |       |     7 ||     7
    Use: Scroll            |     3 |     5 |    13 |     3 ||    24
         Potion            |     1 |       |     4 |     9 ||    14
   Stab: Invisible         |       |       |     2 |       ||     2
 Armour: Scale mail        |    37 |    14 |    89 |    86 ||   226
  Dodge: Dodged            |    74 |    47 |   209 |   186 ||   516
  Block: Other             |       |       |    19 |    54 ||    73

Levels and vault maps discovered:
D:1:      tarquinn_simple_flora_water_f, layout_basic, minmay_pentomino_x4
D:2:      layout_loops_ring, serial_shops, nicolae_shop_statue_plus
D:3:      layout_basic, serial_glass, glass_columns_c, glass_columns_a,
          glass_columns_a, glass_columns_b, glass_columns_b, glass_columns_a,
          glass_columns_b, glass_columns_a, uniq_sigmund
D:4:      minmay_diamond_boxcup, layout_loops_cross, nzn_wu_jian_council_hall,
          kennysheep_slug_shrine, roderic_batcave
D:5:      layout_loops_ring, serial_shops, shop, kennysheep_opposing_triangles,
          uniq_blork_the_orc
D:6:      layout_rooms, portal_sewer_entry_b
D:7:      layout_cave_pools, lemuel_doored_altar
D:8:      layout_rooms, mainiacjoe_overflow_24_doors, serial_rivers,
          chequers_serial_rivers_micro_a, chequers_serial_rivers_room_b,
          chequers_serial_rivers_micro_e, chequers_serial_rivers_room_a,
          chequers_serial_rivers_micro_e, kennysheep_small_spiral, uniq_erica
D:9:      layout_stronghold, nicolae_overflow_hidden_temple, enter_bailey_4,
          st_stairs_5
D:10:     layout_big_octagon, david_orc_4, serial_park, serial_park_gazebo
          [serial_park_minivault_5x5_8], serial_park_tiny_2, serial_park_tiny_2,
          serial_park_tiny_2, abandoned_shop
D:11:     layout_roguey [special_room_bee], grunt_lair_entry_orc_guard_hut
D:14:     layout_roguey, chequers_serial_rivers_micro_e, uniq_louise,
          uniq_josephine
Temple:   eino_temple_rhombus
Abyss:2:  base: Temple, evilmike_abyss_exit_15

Notes
Turn   | Place    | Note
-------+----------+-------------------------------------------
     0 | D:1      | demibob the Hill Orc Fighter began the quest for the Orb.
     0 | D:1      | Reached XP level 1. HP: 19/19 MP: 1/1
   138 | D:1      | Reached skill level 3 in Axes
   291 | D:1      | Reached XP level 2. HP: 23/26 MP: 2/2
   496 | D:1      | Reached skill level 4 in Axes
  1035 | D:2      | Reached XP level 3. HP: 31/31 MP: 3/3
  1139 | D:2      | Reached skill level 5 in Axes
  1343 | D:2      | Found Qehiutz's Weapon Boutique.
  1633 | D:3      | Noticed Sigmund
  1639 | D:3      | Killed Sigmund
  1640 | D:3      | Reached skill level 7 in Axes
  1640 | D:3      | Reached XP level 4. HP: 25/39 MP: 4/4
  1640 | D:3      | Reached XP level 5. HP: 29/45 MP: 5/5
  1782 | D:3      | Noticed an ogre
  1789 | D:3      | Killed an ogre
  1790 | D:3      | Reached skill level 8 in Axes
  1790 | D:3      | Reached XP level 6. HP: 51/51 MP: 6/6
  2162 | D:4      | Reached skill level 9 in Axes
  2204 | D:4      | Found a staircase to the Ecumenical Temple.
  2362 | D:4      | Reached XP level 7. HP: 41/57 MP: 7/7
  2379 | Temple   | Entered the Ecumenical Temple
  2574 | Temple   | Became a worshipper of Qazlal Stormbringer
  2649 | D:4      | Reached skill level 10 in Axes
  2835 | D:4      | Found a snail-covered altar of Cheibriados.
  3040 | D:4      | Reached skill level 11 in Axes
  3057 | D:4      | Found an ornate altar of the Wu Jian Council.
  3134 | D:4      | Reached * piety under Qazlal
  3391 | D:5      | Entered Level 5 of the Dungeon
  3688 | D:5      | Reached XP level 8. HP: 34/64 MP: 8/8
  3829 | D:5      | Reached skill level 12 in Axes
  3879 | D:5      | Found Cukerui's Antique Weapon Emporium.
  4207 | D:5      | Noticed Blork the orc
  4216 | D:5      | Killed Blork the orc
  4443 | D:6      | Reached skill level 13 in Axes
  4488 | D:6      | HP: 5/64 [orc priest/divine providence (14)]
  4730 | D:6      | Reached skill level 14 in Axes
  4855 | D:6      | Reached XP level 9. HP: 70/70 MP: 9/9
  4906 | D:6      | Found a glowing drain.
  4923 | Sewer    | Entered a sewer
  4928 | Sewer    | Reached ** piety under Qazlal
  4991 | Sewer    | Noticed Pargi
  5002 | Sewer    | Killed Pargi
  5443 | D:7      | Reached skill level 15 in Axes
  5777 | D:7      | Found a glowing golden altar of the Shining One.
  5955 | D:7      | Identified a potion of resistance
  6027 | D:8      | Noticed Erica
  6041 | D:8      | Killed Erica
  6042 | D:8      | Reached skill level 16 in Axes
  6042 | D:8      | Reached skill level 4 in Fighting
  6042 | D:8      | Reached skill level 4 in Armour
  6320 | D:8      | Reached skill level 5 in Fighting
  6441 | D:8      | Found a glowing silver altar of Zin.
  6632 | D:9      | Reached skill level 1 in Invocations
  6647 | D:9      | Found a flagged portal.
  6651 | D:9      | Reached skill level 5 in Armour
  6660 | Bailey   | Entered a bailey
  6665 | Bailey   | Noticed an orc warlord
  6709 | Bailey   | Noticed an orc knight
  6743 | Bailey   | Killed an orc knight
  6744 | Bailey   | Reached skill level 6 in Fighting
  6744 | Bailey   | Reached skill level 3 in Invocations
  6744 | Bailey   | Reached XP level 10. HP: 38/83 MP: 9/12
  6744 | Bailey   | Reached *** piety under Qazlal
  6957 | Bailey   | Found a runed translucent gate.
  6960 | Bailey   | Found a runed translucent gate.
  6962 | Bailey   | Found a runed translucent gate.
  7083 | Bailey   | Killed an orc warlord
  7084 | Bailey   | Reached skill level 7 in Fighting
  7084 | Bailey   | Reached skill level 6 in Armour
  7084 | Bailey   | Reached skill level 5 in Invocations
  7177 | Bailey   | Reached skill level 19 in Axes
  7177 | Bailey   | Reached XP level 11. HP: 92/92 MP: 14/14
  7594 | D:9      | Reached skill level 7 in Armour
  7613 | D:9      | Found an iron altar of Okawaru.
  7617 | D:9      | Found a hide-covered altar of Uskayaw.
  7728 | D:9      | Reached skill level 6 in Invocations
  7733 | D:9      | Reached skill level 8 in Fighting
  8454 | D:10     | Entered Level 10 of the Dungeon
  8454 | D:10     | Identified a +2 robe of the Archmagi
  8703 | D:10     | Reached skill level 7 in Invocations
  8885 | D:10     | Reached skill level 8 in Armour
  8888 | D:10     | Reached **** piety under Qazlal
  8904 | D:10     | Identified the ring "Muustral" {rElec SInv}
  8913 | D:10     | Got Keeg's Quotidian Incantation
  8985 | D:10     | Reached XP level 12. HP: 92/103 MP: 17/17
  9137 | D:10     | Found a staircase to the Orcish Mines.
  9295 | D:10     | Reached skill level 9 in Fighting
  9753 | D:11     | Reached skill level 8 in Invocations
 10155 | D:11     | Noticed a two-headed ogre
 10159 | D:11     | Killed a two-headed ogre
 10392 | D:11     | You fall into a shaft and drop 3 floors!
 10405 | D:14     | Reached skill level 9 in Armour
 10408 | D:14     | Noticed Louise
 10430 | D:14     | Noticed a seven-headed hydra
 10434 | D:14     | You are cast into the Abyss!
 10434 | Abyss:2  | Cast into level 2 of the Abyss (Louise)
 10439 | Abyss:2  | Found a corrupted altar of Lugonu.
 10508 | Abyss:2  | Quit the game

Vanquished Creatures
  An orc warlord (Bailey)
  Erica (D:8)
  A two-headed ogre (D:11)
  An orc knight (Bailey)
  A cyclops (D:14)
  A queen bee (D:11)
  A troll (D:10)
  A hornet (D:9)
  Sigmund (D:3)
  2 wyverns (D:9)
  14 yaks
  An acid dragon (D:11)
  Pargi (Sewer)
  11 orc warriors
  2 ice beasts
  An ogre (D:3)
  3 centaurs (D:9)
  A phantom (D:4)
  A kobold brigand (D:9)
  Blork the orc (D:5)
  4 necrophages
  3 scorpions
  7 bullfrogs
  A gnoll sergeant (D:8)
  3 wights (D:5)
  41 killer bees
  3 howler monkeys
  A vampire bat (D:4)
  An electric eel (D:10)
  8 orc priests
  6 hounds
  2 jellies
  A gnoll bouda (D:8)
  12 orc wizards
  6 adders
  15 gnolls
  A shadow imp (D:6)
  A white imp (D:6)
  An ufetubus (D:5)
  A worm (D:3)
  3 dart slugs
  35 orcs
  11 ball pythons
  10 bats
  6 endoplasms
  5 giant cockroaches
  10 goblins
  14 hobgoblins
  3 quokkas
  8 frilled lizards
  17 kobolds
  9 rats
296 creatures vanquished.

Vanquished Creatures (others)
  3 fungi (D:11)
  3 plants (D:11)
6 creatures vanquished.

Grand Total: 302 creatures vanquished

Table legend: (Time is in decaauts)
 A = Elapsed time spent in this place.
 B = Non-inter-level travel time spent in this place.
 C = Inter-level travel time spent in this place.
 D = Time resting spent in this place.
 E = Time spent auto-exploring this place.
 F = Levels seen in this place.
 G = Mean time per level.
                   A        B        C        D        E       F      G
               +--------+--------+--------+--------+--------+-----+--------+
         Total |  10379 |  10061 |    318 |    504 |   7744 |  16 |  648.7 |
       Dungeon |   9350 |   9038 |    312 |    366 |   7156 |  12 |  779.2 |
        Temple |    201 |    195 |      6 |      0 |    172 |   1 |  201.0 |
         Abyss |     58 |     58 |      0 |      0 |     43 |   1 |   58.0 |
         Sewer |    211 |    211 |      0 |      0 |    128 |   1 |  211.0 |
        Bailey |    555 |    555 |      0 |    138 |    244 |   1 |  555.0 |
               +--------+--------+--------+--------+--------+-----+--------+

Top non-repeatable levels by time:
     D:9: 1217 daAuts
    D:10: 1127 daAuts
     D:5: 1032 daAuts
     D:1: 921 daAuts
     D:4: 914 daAuts
     D:6: 752 daAuts
    D:11: 741 daAuts
     D:2: 703 daAuts
     D:3: 680 daAuts
     D:8: 651 daAuts
     D:7: 577 daAuts
  Bailey: 555 daAuts
   Sewer: 211 daAuts
  Temple: 201 daAuts
 Abyss:2: 58 daAuts

Table legend:
 A = Non-vault XP
 B = Vault XP
 C = Vault XP percentage of total XP
 D = Non-vault monster count
 E = Vault monster count
 F = Vault count percentage of total count
                 A         B        C        D         E       F
            +---------+---------+-------+---------+---------+-------
      Total |   10086 |    7098 |  41.3 |     175 |     121 |  40.9
            +---------+---------+-------+---------+---------+-------
        D:1 |      17 |       3 |  15.0 |      11 |       2 |  15.4
        D:2 |      48 |       0 |   0.0 |      21 |       0 |   0.0
        D:3 |     150 |     226 |  60.1 |      14 |       1 |   6.7
        D:4 |     479 |     148 |  23.6 |      24 |      15 |  38.5
        D:5 |     411 |     213 |  34.1 |       9 |       5 |  35.7
        D:6 |     810 |       6 |   0.7 |      21 |       6 |  22.2
        D:7 |     351 |       0 |   0.0 |       5 |       0 |   0.0
        D:8 |     356 |     847 |  70.4 |      11 |       1 |   8.3
        D:9 |    3168 |     300 |   8.7 |      23 |       9 |  28.1
       D:10 |    2627 |     710 |  21.3 |      30 |      16 |  34.8
       D:11 |    1158 |    2252 |  66.0 |       5 |      30 |  85.7
       D:14 |     511 |       0 |   0.0 |       1 |       0 |   0.0
      Sewer |       0 |     142 | 100.0 |       0 |      10 | 100.0
     Bailey |       0 |    2251 | 100.0 |       0 |      26 | 100.0
            +---------+---------+-------+---------+---------+-------
